Map: Catalyst LE

Players

Scandalous - Winner!

  • Race: Protoss Protoss
  • League: Master
  • Spawn Location: 11:00

ELESTRAGO

  • Race: Terran Terran
  • League: Master
  • Spawn Location: 5:00

VOD

Have the link to the VOD?

Description

Time

  • Played on: Feb. 1, 2018, 8 a.m.
  • Length: 13:20
Show
View Real Time Build Order
Export as new Build Order

Scandalous Protoss - Winner!

Build Orders: 1 Gate Expand, Phoenix Opening 

Get SALT Encoding   

  12  0:01  Probe  
  13  0:13  Probe  
  14  0:18  Pylon  
  14  0:25  Probe  
  15  0:37  Probe (Chrono Boost)  
  15  0:40  Gateway  
  16  0:49  Probe (Chrono Boost)  
  17  0:55  Probe (Chrono Boost)  
  17  0:56  Assimilator  
  18  1:03  Probe  
  19  1:24  Nexus  
  19  1:34  Cybernetics Core  
  19  1:36  Probe (Chrono Boost)  
  20  1:41  Assimilator  
  20  1:46  Probe (Chrono Boost)  
  21  1:54  Probe (Chrono Boost)  
  21  2:00  Pylon  
  22  2:07  Probe (Chrono Boost)  
  23  2:14  Warp Gate  
  23  2:17  Probe (Chrono Boost), Stalker  
  26  2:26  Probe  
  27  2:38  Probe (Chrono Boost)  
  27  2:40  Probe (Chrono Boost)  
  28  2:47  Stalker  
  28  2:49  Probe (Chrono Boost)  
  28  2:50  Stargate  
  32  2:52  Probe (Chrono Boost)  
  32  2:54  Probe (Chrono Boost)  
  33  3:02  Probe (Chrono Boost), Assimilator  
  33  3:04  Probe (Chrono Boost)  
  35  3:16  Probe (Chrono Boost)  
  35  3:18  Probe (Chrono Boost)  
  35  3:19  Stalker  
  39  3:21  Probe (Chrono Boost)  
  39  3:24  Pylon  
  39  3:25  Probe  
  41  3:31  Probe  
  41  3:33  Phoenix  
  44  3:37  Probe  
  45  3:43  Probe  
  44  3:52  Probe  
  44  3:55  Probe (Chrono Boost)  
  44  3:59  Phoenix  
  46  4:04  Probe (Chrono Boost), Stalker  
  50  4:11  Shield Battery  
  50  4:13  Probe (Chrono Boost), Assimilator  
  50  4:15  Probe (Chrono Boost)  
  50  4:16  Pylon  
  51  4:20  Probe x2 (Chrono Boost)  
  53  4:34  Phoenix (Chrono Boost)  
  55  4:39  Probe x2  
  55  4:42  Robotics Facility  
  57  4:50  Phoenix (Chrono Boost)  
  57  4:51  Probe x2  
  61  5:03  Probe, Pylon  
  61  5:05  Pylon  
  62  5:16  Robotics Facility  
  62  5:17  Pylon  
  62  5:21  Probe x2, Phoenix (Chrono Boost)  
  65  5:25  Stalker  
  68  5:31  Immortal  
  72  5:41  Phoenix  
  74  5:54  Nexus  
  74  5:56  Pylon  
  72  6:14  Probe x2  
  72  6:16  Phoenix  
  76  6:19  Immortal (Chrono Boost)  
  76  6:21  Immortal (Chrono Boost)  
  84  6:26  Probe  
  85  6:33  Robotics Bay  
  85  6:35  Pylon  
  85  6:36  Pylon  
  85  6:41  Phoenix  
  87  6:53  Forge  
  87  6:55  Immortal (Chrono Boost)  
  87  6:57  Probe, Forge  
  92  7:03  Immortal (Chrono Boost)  
  92  7:06  Phoenix  
  96  7:21  Extended Thermal Lance  
  96  7:23  Colossus (Chrono Boost)  
  96  7:25  Probe x2  
  96  7:28  Probe  
  105  7:35  Protoss Ground Weapons Level 1 (Chrono Boost)  
  105  7:37  Probe x2  
  105  7:38  Colossus (Chrono Boost)  
  105  7:43  Probe  
  114  7:46  Shield Battery  
  114  8:01  Colossus (Chrono Boost)  
  120  8:14  Zealot  
  120  8:15  Probe x2  
  120  8:16  Probe  
  120  8:18  Assimilator  
  125  8:30  Shield Battery  
  125  8:31  Shield Battery  
  125  8:32  Protoss Air Weapons Level 1 (Chrono Boost)  
  125  8:33  Shield Battery  
  125  8:35  Pylon  
  125  8:37  Assimilator  
  125  8:43  Pylon  
  125  8:44  Pylon  
  125  8:45  Pylon  
  125  8:48  Pylon  
  125  8:51  Pylon  
  125  8:53  Probe x3  
  125  8:54  Protoss Ground Armor Level 1 (Chrono Boost)  
  128  8:58  Colossus  
  128  9:01  Colossus  
  126  9:21  Phoenix (Chrono Boost)  
  124  9:33  Gateway  
  124  9:34  Gateway  
  124  9:38  Gateway  
  124  9:39  Phoenix (Chrono Boost)  
  124  9:40  Gateway  
  124  9:41  Gateway  
  124  9:42  Gateway  
  124  9:43  Gateway  
  124  9:44  Twilight Council  
  124  9:45  Zealot  
  128  9:50  Probe x2  
  128  9:51  Probe, Colossus  
  137  9:58  Phoenix (Chrono Boost)  
  139  10:02  Immortal  
  143  10:16  Phoenix  
  145  10:22  Gateway  
  145  10:23  Pylon  
  145  10:25  Protoss Ground Weapons Level 2 (Chrono Boost), Pylon  
  145  10:26  Zealot  
  147  10:28  Charge (Chrono Boost)  
  147  10:41  Phoenix  
  147  10:42  Immortal  
  153  10:49  Protoss Ground Armor Level 2  
  153  10:53  Zealot x8  
  169  11:06  Phoenix  
  171  11:14  Immortal  
  175  11:23  Zealot x3  
  175  11:24  Sentry  
  175  11:25  Sentry  
  185  11:28  Observer  
  185  11:29  Nexus  
  185  11:30  Phoenix  
  185  11:31  Pylon  
  162  11:54  Stalker  
  162  11:55  Phoenix, Stalker x6  
  174  12:07  Stalker  
  174  12:08  Stalker  
  154  12:28  Zealot x6  
  166  12:41  Stalker x3  
  115  13:09  Zealot x2  
  115  13:10  Zealot x6  
Show
View Real Time Build Order
Export as new Build Order

ELESTRAGO Terran 

Build Orders: Liberator Opening, Reaper Expand, MMM Bio 

Get SALT Encoding   

  12  0:01  SCV  
  13  0:13  SCV  
  14  0:18  Supply Depot  
  14  0:25  SCV  
  15  0:29  Refinery  
  15  0:39  SCV  
  16  0:46  Barracks  
  16  0:51  SCV  
  17  1:03  SCV  
  18  1:16  SCV  
  19  1:33  Reaper, Orbital Command  
  20  1:48  Command Center  
  20  2:01  SCV  
  20  2:02  Factory  
  20  2:07  Barracks Reactor  
  21  2:13  Refinery  
  21  2:14  SCV  
  22  2:21  Supply Depot  
  22  2:26  SCV  
  23  2:43  SCV  
  24  2:48  Starport  
  24  2:52  Marine  
  24  2:53  Hellion x2  
  24  2:55  SCV  
  30  3:03  Orbital Command  
  30  3:08  SCV, Liberator  
  31  3:25  SCV  
  35  3:30  SCV  
  36  3:35  Supply Depot, Factory Tech Lab  
  36  3:37  SCV  
  37  3:45  Engineering Bay  
  37  3:47  SCV  
  37  3:49  SCV  
  34  3:59  SCV  
  34  4:01  SCV  
  36  4:03  Widow Mine, Marine  
  36  4:04  Widow Mine, Stimpack  
  41  4:11  SCV  
  41  4:14  SCV  
  41  4:15  Missile Turret x2  
  41  4:16  Terran Infantry Weapons Level 1  
  43  4:23  Medivac  
  43  4:24  SCV  
  46  4:25  Widow Mine  
  46  4:26  SCV  
  46  4:29  Widow Mine  
  46  4:30  Marine  
  52  4:36  SCV  
  52  4:38  SCV  
  54  4:55  Barracks  
  54  4:57  Command Center  
  54  5:00  Factory Reactor  
  54  5:02  Barracks  
  54  5:07  Starport Reactor, SCV x2, Marine  
  54  5:11  Refinery  
  54  5:12  Refinery  
  54  5:25  Barracks  
  54  5:27  Barracks  
  54  5:32  Supply Depot, Marine, SCV x2  
  47  5:44  SCV x2, Marine  
  47  5:45  Marine  
  51  5:50  Marine  
  51  5:53  Factory Reactor  
  51  5:55  Missile Turret  
  51  5:56  SCV x2  
  54  5:57  Supply Depot  
  54  6:02  Marine x4  
  53  6:09  SCV x2  
  53  6:11  Orbital Command  
  51  6:13  Marine  
  51  6:15  Combat Shields, Barracks Tech Lab x2  
  52  6:20  Marine x4  
  52  6:21  SCV x2  
  58  6:29  Terran Infantry Armor Level 1  
  58  6:31  Widow Mine x2  
  63  6:33  SCV x2  
  63  6:34  Supply Depot x2  
  63  6:36  Supply Depot  
  65  6:40  Marine x4  
  65  6:43  Marauder  
  65  6:46  Marauder, Orbital Command  
  65  6:47  Marauder  
  74  6:49  Concussive Shells  
  74  6:50  SCV  
  74  6:51  SCV  
  76  6:56  Medivac  
  76  6:57  Medivac  
  80  7:04  Marine  
  80  7:05  Marine x3  
  80  7:07  Missile Turret  
  84  7:10  SCV x2  
  85  7:22  Marauder x3  
  91  7:24  Supply Depot, Widow Mine x2  
  95  7:30  SCV  
  95  7:31  SCV  
  95  7:32  Marine x4  
  95  7:33  SCV  
  102  7:43  SCV x2, Marine x3  
  107  7:46  Supply Depot, SCV  
  107  7:50  Marine  
  109  7:54  Marine  
  109  7:55  SCV x2, Marine x2  
  112  8:02  Marauder  
  113  8:08  Marauder x2  
  113  8:12  Widow Mine x2, Marine x3  
  122  8:13  Command Center  
  122  8:14  Starport, Fusion Core  
  124  8:24  Marine  
  125  8:32  Barracks x2, Refinery  
  125  8:33  Barracks, Refinery  
  125  8:43  Supply Depot  
  125  8:45  Supply Depot  
  125  8:47  Supply Depot, Liberator x2  
  125  8:49  Marauder  
  125  8:56  Starport Tech Lab  
  125  9:00  Engineering Bay, Supply Depot  
  125  9:01  Armory  
  125  9:05  SCV x2  
  125  9:06  SCV, Marine x2  
  126  9:22  Marauder, Barracks Tech Lab x3  
  126  9:23  Marine x4  
  129  9:24  Marauder  
  129  9:28  Marauder  
  131  9:32  Advanced Ballistics, Medivac  
  133  9:39  Supply Depot  
  133  9:40  Supply Depot  
  133  9:47  Marine  
  133  9:48  Marauder x4, Marine x2  
  133  9:49  Sensor Tower  
  144  9:54  Liberator  
  144  9:55  Widow Mine x2  
  144  9:59  Medivac x2  
  152  10:03  Refinery  
  152  10:06  Refinery  
  152  10:08  Missile Turret  
  152  10:12  Missile Turret, Liberator x2  
  155  10:17  Marine x2  
  155  10:18  Marauder  
  159  10:28  Supply Depot  
  159  10:33  Marine  
  159  10:34  Marauder  
  168  10:37  Ghost Academy  
  168  10:38  Terran Infantry Weapons Level 2  
  168  10:40  Terran Infantry Armor Level 2  
  168  10:43  Terran Ship Weapons Level 1  
  168  10:47  Planetary Fortress  
  166  10:51  Supply Depot  
  164  11:29  Starport, Barracks Tech Lab  
  164  11:34  Viking x4  
  138  11:58  Ghost x3  
  138  11:59  Ghost x4  
  145  12:07  Viking x3  
  145  12:08  Viking x3  
  134  12:20  Orbital Command  
  131  12:23  Marine  
  131  12:27  Ghost x3  
  131  12:28  Marauder  
  137  12:30  Marine  
  141  12:41  Marine  
  141  12:47  Marine  
  141  12:48  Command Center  
  141  12:50  Marauder  
  142  12:56  Marauder, Marine x2  
Tags
 
Add a new tag
Caveats
  • Supply blocks, unpowered buildings, or Contaminate may cause inaccurate times.
  • Supply counts are checked every 10 seconds.